AoeStats
← MNYMan

Arena

507421240Analyzed
4v4 RM · 14d ago on Sep 18, 2026· 120m 5s· 8 players
Game mode
Random Map
Map size
Large (8 player)
Population
200
Speed
Normal
Resources
Standard
Victory
Conquest
Starting age
Dark Age
Ending age
Imperial Age
RankedLock teamsTeams togetherTeam positionsShared explorationLock speedFull tech treeHidden civsTurbo modeCheats
Victory
Defeat
🇨🇳 Magyars · China
1090
+13
🇺🇸 Franks · United States
1038
+15
🇪🇨 Byzantines · Ecuador
1010
+16
🇫🇮 Inca · Finland
980
+16
🇺🇸 Gurjaras · United States
1012
-15
🇺🇸 Huns · United States
1011
-15
🇺🇸 Celts · United States
1011
-15
🇺🇸 Bohemians · United States
1011
-15
Rölli
2:13 Loom
9:00 Feudal Age
9:40 Double-Bit Axe
9:35 Horse Collar
18:34 Castle Age
21:22 Fletching
24:20 Bodkin Arrow
25:57 Ballistics
29:38 Squires
34:10 Imperial Age
32:21 Scale Mail Armor
32:34 Forging
33:25 Chain Mail Armor
34:35 Iron Casting
35:30 Conscription
36:15 Plate Mail Armor
38:56 Blast Furnace
38:53 Fabric Shields
40:14 Wheelbarrow
40:03 Andean Sling
39:26 Elite Skirmisher
40:31 Bow Saw
40:22 Heavy Plow
41:13 Thumb Ring
41:38 Padded Archer Armor
42:57 Gold Mining
43:51 Leather Archer Armor
43:36 Bracer
46:10 Chemistry
55:58 Pikeman
osubuckeyes022
10:37 Feudal Age
11:26 Double-Bit Axe
11:40 Loom
17:08 Castle Age
15:42 Gold Mining
16:59 Forging
17:40 Scale Mail Armor
20:14 Elite Skirmisher
25:48 Scale Barding Armor
29:44 Wheelbarrow
29:15 Husbandry
32:35 Imperial Age
32:15 Iron Casting
32:01 Chain Mail Armor
32:27 Stone Mining
33:22 Chain Barding Armor
33:15 Cavalier
36:50 Bow Saw
36:57 Hand Cart
38:10 Chemistry
37:20 Light Cavalry
39:46 Blast Furnace
42:02 Pikeman
44:08 Paladin
48:17 Plate Mail Armor
53:51 Padded Archer Armor
53:42 Fletching
57:57 Bodkin Arrow
60:16 Halberdier
61:49 Leather Archer Armor
62:11 Plate Barding Armor
68:54 Conscription
83:14 Squires
101:02 Ballistics
117:29 Man-at-Arms
118:03 Long Swordsman
henry2992
11:26 Feudal Age
15:48 Castle Age
14:03 Double-Bit Axe
14:32 Gold Mining
14:45 Horse Collar
16:47 Bow Saw
17:42 Wheelbarrow
21:49 Hand Cart
22:54 Gold Shaft Mining
22:44 Stone Mining
23:13 Loom
30:22 Imperial Age
29:18 Stone Shaft Mining
29:37 Padded Archer Armor
29:28 Fletching
29:38 Scale Mail Armor
29:00 Pikeman
29:40 Squires
30:08 Ballistics
30:40 Crossbowman
31:11 Halberdier
32:09 Chain Mail Armor
32:05 Forging
32:51 Conscription
31:57 Arbalester
35:08 Capped Ram
36:01 Siege Ram
36:05 Elite Cataphract
37:48 Gambesons
38:36 Plate Mail Armor
38:12 Scale Barding Armor
40:17 Chemistry
41:34 Hoardings
43:54 Chain Barding Armor
44:10 Iron Casting
43:51 Leather Archer Armor
43:31 Bodkin Arrow
44:00 Bombard Tower
46:37 Arson
52:12 Elite Skirmisher
52:16 Onager
54:00 Thumb Ring
54:31 Ring Archer Armor
54:02 Bracer
54:37 Plate Barding Armor
54:42 Logistica
57:07 Caravan
60:12 Two-Man Saw
62:17 Heavy Plow
71:48 Light Cavalry
94:24 Hussar
104:20 Man-at-Arms
106:37 Long Swordsman
109:22 Two-Handed Swordsman
112:55 Champion
956068430
11:00 Feudal Age
14:37 Castle Age
12:54 Double-Bit Axe
16:02 Bow Saw
22:34 Wheelbarrow
22:12 Gold Mining
22:45 Stone Mining
22:56 Horse Collar
23:53 Hand Cart
23:50 Heavy Plow
28:43 Imperial Age
26:55 Loom
26:59 Town Watch
28:14 Fletching
28:25 Padded Archer Armor
28:54 Ballistics
29:14 Bodkin Arrow
30:13 Gold Shaft Mining
30:41 Two-Man Saw
31:58 Thumb Ring
33:50 Parthian Tactics
35:20 Bracer
35:36 Bloodlines
35:26 Husbandry
35:08 Heavy Cavalry Archer
37:43 Leather Archer Armor
38:30 Chemistry
37:51 Town Patrol
38:55 Recurve Bow
39:16 Conscription
40:11 Ring Archer Armor
40:23 Corvinian Army
39:44 Elite Magyar Huszar
41:00 Hoardings
40:14 Elite Magyar Huszar
40:54 Corvinian Army
42:54 Scale Barding Armor
43:55 Chain Barding Armor
44:23 Caravan
44:53 Coinage
55:03 Crop Rotation
57:09 Light Cavalry
58:53 Hussar
Wushi
11:52 Feudal Age
15:56 Castle Age
15:16 Double-Bit Axe
15:36 Loom
15:48 Horse Collar
18:15 Bow Saw
23:11 Heavy Plow
26:01 Wheelbarrow
26:37 Scale Barding Armor
27:41 Chain Barding Armor
28:29 Hand Cart
28:59 Bloodlines
28:50 Husbandry
29:06 Town Watch
29:50 Forging
34:14 Imperial Age
32:42 Marauders
34:46 Light Cavalry
35:32 Hussar
38:52 Two-Man Saw
38:35 Iron Casting
38:36 Plate Barding Armor
41:08 Blast Furnace
40:23 Gold Mining
40:23 Stone Mining
40:31 Stone Mining
41:37 Conscription
41:24 Elite Skirmisher
41:40 Heavy Cavalry Archer
42:42 Town Patrol
43:24 Thumb Ring
43:45 Parthian Tactics
45:19 Ballistics
46:00 Chemistry
57:11 Coinage
62:44 Fletching
62:56 Padded Archer Armor
66:51 Bodkin Arrow
67:11 Leather Archer Armor
67:57 Bracer
Caustic
4:00 Loom
10:02 Feudal Age
11:43 Double-Bit Axe
16:13 Castle Age
14:13 Horse Collar
16:30 Gold Mining
16:31 Stone Mining
17:39 Heavy Plow
21:48 Wheelbarrow
24:23 Hand Cart
25:26 Bow Saw
26:58 Loom
27:02 Town Watch
30:34 Imperial Age
28:34 Town Patrol
29:49 Scale Barding Armor
29:54 Forging
30:34 Gold Shaft Mining
30:40 Stone Shaft Mining
30:56 Heavy Camel Rider
31:37 Husbandry
31:48 Bloodlines
32:00 Chain Barding Armor
32:15 Iron Casting
32:23 Iron Casting
33:17 Plate Barding Armor
34:45 Conscription
36:03 Frontier Guards
36:33 Kshatriyas
46:07 Scale Mail Armor
46:10 Elite Shrivamsha Rider
47:28 Fletching
48:10 Bodkin Arrow
49:18 Elite Elephant Archer
50:19 Thumb Ring
51:28 Bracer
51:28 Padded Archer Armor
53:15 Chemistry
52:36 Ballistics
53:23 Leather Archer Armor
56:35 Caravan
66:37 Light Cavalry
68:10 Hussar
78:26 Crop Rotation
78:24 Siege Elephant
83:22 Elite Skirmisher
MNYMan
11:10 Feudal Age
11:56 Double-Bit Axe
15:08 Wheelbarrow
17:07 Castle Age
16:18 Stone Mining
16:20 Horse Collar
17:20 Pikeman
17:47 Arson
22:40 Stronghold
22:55 Scale Mail Armor
23:45 Bow Saw
25:22 Gold Mining
27:00 Forging
29:31 Ballistics
30:01 Heavy Plow
30:54 Wheelbarrow
30:14 Town Watch
30:15 Loom
30:51 Chain Mail Armor
32:02 Hand Cart
31:47 Town Patrol
32:05 Murder Holes
38:37 Imperial Age
37:54 Gold Shaft Mining
38:13 Town Patrol
38:56 Iron Casting
39:44 Heavy Scorpion
41:58 Plate Mail Armor
42:42 Capped Ram
43:47 Siege Ram
48:56 Halberdier
51:01 Blast Furnace
Bobby9000
10:26 Feudal Age
9:47 Loom
16:35 Castle Age
17:55 Double-Bit Axe
19:05 Bow Saw
18:40 Horse Collar
22:57 Wheelbarrow
25:05 Hand Cart
24:57 Loom
26:41 Heavy Plow
28:44 Wagenburg Tactics
34:37 Imperial Age
33:38 Ballistics
35:15 Elite Hussite Wagon
36:18 Conscription
37:07 Chemistry
38:35 Two-Man Saw
37:32 Houfnice
56:34 Caravan
80:47 Murder Holes
Connection lost

Rejoining the realm…

Still unreachable

The connection could not be restored.

Session expired

The server has moved on; the page needs a fresh start.